 Dungeon Crawl Stone Soup version 0.30.0-15-g856e2d3f33 (webtiles) character file.

Game seed: 12192558779900131384

71 Pimp the Shooter (level 4, -2/34 HPs)
             Began as a Demonspawn Hunter on May 18, 2023.
             Killed from afar by a white imp (8 damage)
             ... with a puff of frost
             ... on level 4 of the Dungeon.
             The game lasted 00:03:48 (1835 turns).

Pimp the Shooter (Demonspawn Hunter)                Turns: 1835, Time: 00:03:48

Health: -2/34      AC:  8    Str: 11    XL:     4   Next: 5%
Magic:  4/4        EV: 12    Int: 11    God:
Gold:   152        SH:  0    Dex: 18    Spells: 3/3 levels left

rFire   + . .        a - +0 shortbow
rCold   . . .        (shield currently unavailable)
rNeg    . . .        c - +0 leather armour
rPois   .            (no helmet)
rElec   .            n - +0 cloak
rCorr   .            i - +0 pair of gloves
SInv    .            q - +0 pair of boots
Will    +....        (no amulet)
Stlth   ++           h - ring of protection from fire
HPRegen 0.25/turn    g - ring of willpower
MPRegen 0.18/turn

%: no passive effects
@: no status effects
A: yellow scales 1, magic regeneration
a: no special abilities


You were on level 4 of the Dungeon.
You visited 1 branch of the dungeon, and saw 4 of its levels.

You collected 152 gold pieces.

Inventory:

Hand Weapons
 a - a +0 shortbow (weapon)
Armour
 c - a +0 leather armour (worn)
 i - a +0 pair of gloves (worn)
 n - a +0 cloak (worn)
 q - a +0 pair of boots (worn)
 r - the +1 robe "Katox" {rC+++ Int+4 Dex-4}
   (You found it on level 4 of the Dungeon)

   Int:       It affects your intelligence (+4).
   Dex:       It affects your dexterity (-4).
   rC:        It renders you almost immune to cold.
Jewellery
 g - a ring of willpower (right hand)
 h - a ring of protection from fire (left hand)
 p - a ring of ice
Scrolls
 b - a scroll of immolation
 d - 3 scrolls of identify
 j - a scroll of noise
 l - a scroll of enchant weapon {unknown}
 o - a scroll of butterflies {unknown}
Potions
 f - 2 potions of curing
 k - a potion of attraction {unknown}
 m - a potion of lignification {unknown}


   Skills:
 + Level 2.7 Fighting
 + Level 4.0 Ranged Weapons
 + Level 2.3 Dodging
 + Level 2.1 Stealth


You had 3 spell levels left.
You didn't know any spells.
Your spell library contained the following spells:

 Spells                   Type           Power      Damage    Failure   Level
 Dazzling Flash           Conj/Hex       0%         N/A       80%         3
 Volatile Blastmotes      Fire/Tloc      0%         2d10      80%         3
 Iskenderun's Mystic Bla  Conj/Tloc      0%         2d3       99%         4
 Starburst                Conj/Fire      0%         6d3       100%        6


Dungeon Overview and Level Annotations

Branches:
Dungeon (4/15)
 Temple: D:4-7

Altars:
Xom

Annotations:
D:2 1 runed translucent door, Crazy Yiuf


Innate Abilities, Weirdness & Mutations

You are partially covered in yellow scales. (AC +2)
You regenerate magic rapidly.


Message History

* * * LOW HITPOINT WARNING * * *
The black bear claws you but does no damage.
The white imp attacks as you move away! The white imp hits you.
* * * LOW HITPOINT WARNING * * *
The white imp freezes you.
* * * LOW HITPOINT WARNING * * *
The white imp attacks as you move away! The white imp closely misses you.
Found an amethyst potion.
Cornered, the adder turns to fight!
The white imp gestures at you. The puff of frost hits you.
* * * LOW HITPOINT WARNING * * *
As you read the scroll of fear, it crumbles to dust.
You assume a fearsome visage.
The white imp looks frightened!
The adder resists with some effort.
The black bear looks frightened!
You open the door.
There is an open door here.
You feel better. The adder barely misses you. The adder completely misses you.
You shoot an arrow. The arrow hits the adder.
The adder is moderately wounded.
The adder misses you. The adder bites you but does no damage.
You shoot an arrow. The arrow hits the adder.
The adder is heavily wounded.
The adder completely misses you.
You shoot an arrow. The arrow hits the adder.
The adder is severely wounded.
The adder bites you but does no damage. The adder barely misses you.
You shoot an arrow. The arrow barely misses the adder.
The adder bites you but does no damage. The adder misses you.
You shoot an arrow. The arrow hits the adder.
The adder is almost dead.
The adder bites you but does no damage.
You shoot an arrow. The arrow hits the adder.
You kill the adder!
The white imp seems to regain its courage.
The white imp gestures at you. The puff of frost hits you!
* * * LOW HITPOINT WARNING * * *
The white imp gestures at you. The puff of frost hits you!
You die...

..........#.#####.#5# #.#
#........#####.#.# #.#
#........h.....#.# #.#
#....#.#########h# #.#
#....#.# #......5# #.#
#.5#.#.# #.......######.#
#..#.#.. +.......#<.....#
###..#.#####.......########
#....#.#..@†..5....+
#######....#.#.###.......#
.............# +.......#
#............# #.......#
...........#.# #.#######
#.#........#.# #.#
..#.###....#.# !.# #†..#
####+# #.. ..###


You could see a white imp.

Vanquished Creatures
  A gnoll (D:2)
  An adder (D:4)
  2 dart slugs
  7 bats
  2 endoplasms (D:1)
  2 giant cockroaches
  5 goblins
  6 hobgoblins
  7 jackals (D:1)
  2 quokkas
  4 ball pythons
  3 frilled lizards (D:1)
  6 kobolds (D:1)
  3 rats (D:1)
51 creatures vanquished.

Vanquished Creatures (others)
  A scorpion (D:4)
  An adder (D:4)
  An orc (D:4)
  A ball python (D:4)
4 creatures vanquished.

Grand Total: 55 creatures vanquished

Notes
Turn   | Place    | Note
-------+----------+-------------------------------------------
     0 | D:1      | Pimp the Demonspawn Hunter began the quest for the Orb.
     0 | D:1      | Reached XP level 1. HP: 16/16 MP: 1/1
    14 | D:1      | Reached skill level 1 in Stealth
    91 | D:1      | Gained mutation: You regenerate magic rapidly. [demonic
                  | ancestry]
    91 | D:1      | Reached XP level 2. HP: 22/22 MP: 2/2
   478 | D:1      | Reached XP level 3. HP: 28/28 MP: 3/3
   858 | D:2      | Found a faded altar of an unknown god.
   977 | D:2      | Reached skill level 4 in Ranged Weapons
  1042 | D:2      | Found a runed translucent door.
  1043 | D:2      | Noticed Crazy Yiuf
  1771 | D:4      | Gained mutation: You are partially covered in yellow
                  | scales. (AC +2) [demonic ancestry]
  1771 | D:4      | Reached XP level 4. HP: 34/34 MP: 4/4
  1772 | D:4      | Found a shimmering altar of Xom.
  1773 | D:4      | Noticed a scorpion
  1778 | D:4      | Noticed a black bear
  1778 | D:4      | Noticed a sky beast
  1782 | D:4      | Killed a scorpion
  1817 | D:4      | Identified the +1 robe "Katox" {rC+++ Int+4 Dex-4}
  1835 | D:4      | Killed from afar by a white imp

Illustrated notes

Levels and vault maps discovered:
D:1:      psy_arrival_statuary, layout_loops_ring, serial_park_tiny_pond,
          st_stairs_10
D:2:      layout_rooms, basic_ecumenical_altar, uniq_crazy_yiuf_cottage
D:3:      layout_rooms, minivault_4
D:4:      layout_basic, mainiacjoe_overflow_boulevard, xom_confusion_cloud

Skill      XL: |  1  2  3 |
---------------+----------+-----
Stealth        | 1 2 |  2.1
Dodging        | 2 |  2.3
Ranged Weapons | 4 |  4.0
Fighting       | |  2.7

Action                     |  1- 3 |  4- 6 || total
---------------------------+-------+-------++-------
   Fire: Shortbow          |   130 |    18 ||   148
    Use: Scroll            |     5 |     2 ||     7
         Potion            |       |     1 ||     1
 Armour: Leather armour    |    18 |     7 ||    25
  Dodge: Dodged            |    54 |    19 ||    73
